 Dungeon Crawl Stone Soup version 0.19-a0-1035-gdbfb0c6 (webtiles) character file.

211 HAL9000 the Cutter (level 5, -8/27 HPs)
             Began as a Vine Stalker Enchanter on July 29, 2016.
             Killed from afar by Sagrath01's ghost (22 damage)
             ... with a bolt of negative energy
             ... on level 4 of the Dungeon.
             The game lasted 00:05:45 (2823 turns).

HAL9000 the Cutter (Vine Stalker Enchanter)         Turns: 2823, Time: 00:05:46

Health: -8/27      AC:  5    Str: 11    XL:     5   Next: 88%
Magic:  0/18       EV: 11    Int: 15    God:
Gold:   186        SH:  0    Dex: 15    Spells: 3 memorised, 2 levels left

rFire  . . .     SeeInvis .     a - +1 dagger
rCold  + . .     Gourm    .     y - +0 robe {rC+}
rNeg   . . .     Faith    .     (no shield)
rPois  .         Spirit   +     (no helmet)
rElec  .         Dismiss  .     p - +0 cloak
rCorr  .         Reflect  .     (no gloves)
SustAt .         Harm     .     (no boots)
MR     .....                    (no amulet)
Stlth  ++........               x - ring of magical power
                                o - +2 ring of protection

@: heavily drained, not resistant to hostile enchantments, unstealthy
A: fangs 2, regeneration 1, magic shield, antimagic bite, no device heal 3, rot
immunity
a: no special abilities


You were on level 4 of the Dungeon.
You were not hungry.

You visited 1 branch of the dungeon, and saw 4 of its levels.
You also visited: Sewer.

You collected 186 gold pieces.

Inventory:

Hand Weapons
 a - a +1 dagger (weapon)
Armour
 p - a +0 cloak (worn)
 y - a +0 robe of cold resistance (worn)
Jewellery
 o - a +2 ring of protection (left hand)
 x - a ring of magical power (right hand)
Scrolls
 e - a scroll of amnesia {unknown}
 f - a scroll of blinking {unknown}
 i - a scroll of recharging {unknown}
 k - a scroll of fog {unknown}
 r - a scroll of noise {unknown}
 s - 3 scrolls of identify {unknown}
 v - 2 scrolls of teleportation {unknown}
Potions
 g - 2 potions of haste {unknown}
 j - a potion of cure mutation {unknown}
 m - a potion of brilliance {unknown}
 n - a potion of curing {unknown}
 q - a potion of experience {unknown}
 t - a potion of lignification {unknown}
 u - a potion of heal wounds {unknown}
 z - a potion of might {unknown}
 A - a potion of degeneration {unknown}
Books
 c - a book of Maledictions

   Spells                             Type                      Level
   a - Corona                         Hexes                        1
   b - Ensorcelled Hibernation        Hexes/Ice                    2
   c - Confuse                        Hexes                        3
   d - Tukima's Dance                 Hexes                        3
   e - Dazzling Spray                 Conjuration/Hexes            3
Comestibles
 d - 2 bread rations
 h - 5 fruits
 l - 4 meat rations


   Skills:
 + Level 2.4(1.3) Fighting
 * Level 4.2(3.0) Short Blades
 - Level 1.5(0.4) Dodging
 - Level 3.6(2.4) Stealth
 - Level 2.1(1.0) Spellcasting
 - Level 3.0(1.8) Hexes


You had 2 spell levels left.
You knew the following spells:

 Your Spells              Type           Power        Failure   Level  Hunger
a - Corona                Hex            #......      12%         1    ##.....
x - Confuse               Hex            #.......     34%         3    ####...
z - Ensorcelled Hibernat  Hex/Ice        #.....       28%         2    ###....


Dungeon Overview and Level Annotations

Branches:
Dungeon (4/15)
 Temple: D:4-7

Altars:

Annotations:
D:4 Sagrath01's ghost, novice DrTm


Innate Abilities, Weirdness & Mutations

You have extremely sharp teeth.
Your natural rate of healing is unusually fast.
When hurt, damage is shared between your health and your magic reserves.
Your bite disrupts and absorbs the magic of your enemies.
Potions and wands cannot restore your health.
You are immune to rotting.


Message History

The giant gecko skeleton is severely damaged.
The giant gecko skeleton barely misses you.
You hit the giant gecko skeleton. You bite the giant gecko skeleton.
You drain its power.
You destroy the giant gecko skeleton!
No target in view!
No target in view!
Sagrath01's ghost (novice Black Draconian Transmuter) comes into view.
Sagrath01's ghost turns its malevolent gaze towards you.
Found a scroll labeled QAOD SANLOTH.
Sagrath01's ghost breathes negative energy at you.
The bolt of negative energy hits you!
You feel drained.
Ouch! That really hurt!
Okay, then.
Found 10 gold pieces.
Sagrath01's ghost shouts, "You must not fail where I succeeded!"
Sagrath01's ghost breathes negative energy at you.
The bolt of negative energy hits you!
You feel drained.
Ouch! That really hurt!
You die...

...###'####....#...#..#...##...
.....................#...........
.....................+..........
.....................#.........
.....................#.........
...###...##.####...####.####.##
...###...##.####...####.####.####
....#.........$..................
....#...........@...W............
....#............................
.##.##..######.##..###..####'##.#
###.##..##..##. #### ##+# .#
#............ W. #...<........
... #....<....... ....
#............ ..... ###....##(##.
....#


You could see Sagrath01's ghost.

Vanquished Creatures
  A crocodile (Sewer)
  An orc wizard (D:3)
  3 adders
  An ooze (D:2)
  3 worms
  2 dart slugs
  A giant gecko (D:3)
  4 orcs (D:3)
  A ball python (D:2)
  14 bats
  9 giant cockroaches
  5 goblins
  10 hobgoblins
  2 quokkas
  A giant gecko skeleton (D:4)
  3 giant newts
  9 kobolds
  11 rats
81 creatures vanquished.

Notes
Turn   | Place    | Note
-------+----------+-------------------------------------------
     0 | D:1      | HAL9000 the Vine Stalker Enchanter began the quest for the Orb.
     0 | D:1      | Reached XP level 1. HP: 9/9 MP: 4/4
    67 | D:1      | Reached skill level 1 in Short Blades
   183 | D:1      | Reached XP level 2. HP: 14/14 MP: 6/6
   187 | D:1      | Learned a level 2 spell: Ensorcelled Hibernation
   312 | D:1      | Reached skill level 1 in Fighting
   629 | D:1      | Reached skill level 2 in Short Blades
   920 | D:1      | Reached XP level 3. HP: 18/18 MP: 7/7
   925 | D:1      | Learned a level 3 spell: Confuse
  1303 | D:2      | Found a faded altar of an unknown god.
  1346 | D:2      | Reached XP level 4. HP: 23/23 MP: 8/8
  1750 | D:2      | Reached skill level 3 in Short Blades
  2262 | D:3      | Reached XP level 5. HP: 20/26 MP: 7/9
  2307 | D:3      | Found a glowing drain.
  2341 | Sewer    | Entered a sewer
  2388 | Sewer    | Noticed a crocodile
  2404 | Sewer    | Killed a crocodile
  2404 | Sewer    | Reached skill level 4 in Short Blades
  2812 | D:4      | Noticed Sagrath01's ghost (novice DrTm)
  2823 | D:4      | Killed from afar by Sagrath01's ghost

Vault maps used:
D:1:      dpeg_arrival_shrine
D:2:      serial_glass, glass_columns_c, glass_columns_a, glass_columns_b,
          due_unseen_surprise, minmay_strange_pillars, item_on_display_a,
          ecumenical_altar_1
D:3:      portal_sewer_entry_f, first_bread, hangedman_decor_push,
          serial_bayou_ford_a, hangedman_decor_growths
D:4:      corexii_shantytown
Sewer:    sewer_big_baddie

Skill      XL: |  1  2  3  4  5 |
---------------+----------------+-----
Short Blades   | 1 2 3 4 |  4.2
Fighting       | 1 2 |  2.4
Dodging        | |  1.5
Stealth        | |  3.6
Spellcasting   | |  2.1
Hexes          | |  3.0

Action                   |  1- 3 |  4- 6 || total
-------------------------+-------+-------++-------
Melee: Dagger            |   130 |   179 ||   309
       Bite              |    27 |    40 ||    67
 Cast: Corona            |     1 |       ||     1
       Confuse           |     1 |     1 ||     2
       Ensorcelled Hiber |       |     4 ||     4
 Stab: Sleeping          |     8 |     3 ||    11
       Confused          |     1 |     1 ||     2
  Eat: Chunk             |     1 |     6 ||     7
Armor: Robe              |    31 |    74 ||   105
Dodge: Dodged            |    72 |   128 ||   200
